Map: Prion Terraces

Players

HuK

  • Race: Protoss Protoss
  • League: Grandmaster

AcerNerchio (Nerchio) - Winner!

  • Race: Zerg Zerg

Event: Gauntlet Monday Night

VOD

Have the link to the VOD?

Description

Time

  • Played on: Jan. 4, 2016, 5:24 p.m.
  • Length: 9:18

All games in this series

Show
View Real Time Build Order
Export as new Build Order

HuK Protoss 

Build Orders: Nexus First 

Get SALT Encoding   

  12  0:01  Probe (Chrono Boost)  
  13  0:11  Probe (Chrono Boost)  
  14  0:19  Pylon  
  14  0:22  Probe (Chrono Boost)  
  15  0:38  Probe (Chrono Boost)  
  16  0:48  Probe (Chrono Boost)  
  17  1:02  Nexus  
  17  1:09  Gateway  
  17  1:10  Probe (Chrono Boost)  
  18  1:15  Assimilator  
  18  1:20  Probe (Chrono Boost)  
  18  1:23  Assimilator  
  19  1:31  Probe (Chrono Boost)  
  20  1:37  Gateway  
  20  1:43  Probe (Chrono Boost)  
  22  1:54  Probe (Chrono Boost)  
  22  1:55  Cybernetics Core  
  22  2:05  Probe (Chrono Boost)  
  23  2:15  Probe x2 (Chrono Boost)  
  25  2:25  Probe (Chrono Boost)  
  25  2:26  Probe (Chrono Boost)  
  27  2:33  Adept x2 (Chrono Boost)  
  27  2:35  Probe, Warp Gate  
  34  2:37  Mothership Core (Chrono Boost)  
  34  2:43  Pylon  
  34  2:48  Probe (Chrono Boost)  
  35  2:58  Probe (Chrono Boost)  
  36  2:59  Probe (Chrono Boost)  
  37  3:07  Robotics Facility  
  37  3:08  Probe (Chrono Boost)  
  37  3:10  Probe (Chrono Boost)  
  39  3:14  Sentry  
  39  3:19  Probe (Chrono Boost)  
  42  3:32  Probe x2 (Chrono Boost)  
  44  3:37  Gateway  
  44  3:41  Pylon  
  44  3:42  Probe (Chrono Boost), Pylon  
  44  3:45  Pylon  
  46  3:52  Gateway  
  46  3:54  Pylon  
  45  3:56  Pylon  
  45  4:00  Sentry x2 (Chrono Boost)  
  49  4:03  Pylon  
  49  4:04  Pylon  
  49  4:07  Pylon  
  49  4:14  Probe x2  
  50  4:26  Probe  
  51  4:38  Probe  
  51  4:41  Adept  
  51  4:42  Adept  
  56  4:56  Pylon  
  56  5:01  Nexus  
  56  5:21  Pylon  
  56  5:22  Pylon  
  56  5:26  Pylon  
  56  5:35  Robotics Facility  
  56  5:39  Probe (Chrono Boost)  
  56  5:40  Sentry x3  
  63  5:50  Probe (Chrono Boost)  
  64  5:59  Assimilator  
  64  6:00  Probe (Chrono Boost)  
  64  6:03  Assimilator  
  63  6:05  Sentry  
  63  6:10  Adept x2  
  70  6:11  Probe (Chrono Boost)  
  67  6:19  Probe (Chrono Boost)  
  67  6:22  Probe (Chrono Boost)  
  68  6:30  Probe (Chrono Boost), Adept  
  68  6:32  Probe (Chrono Boost)  
  70  6:41  Immortal (Chrono Boost), Probe  
  71  6:48  Probe  
  68  7:08  Sentry x2  
  68  7:15  Gateway x2  
  76  7:16  Immortal (Chrono Boost)  
  76  7:17  Gateway  
  72  7:36  Stalker x2  
  75  7:37  Zealot  
  72  7:50  Immortal (Chrono Boost)  
  69  8:00  Stalker x2  
  69  8:01  Stalker  
  69  8:02  Probe  
  69  8:04  Probe  
  75  8:13  Probe  
  75  8:19  Sentry  
  78  8:20  Zealot x2, Warp Prism (Chrono Boost)  
  78  8:23  Sentry  
  78  8:26  Probe  
  87  8:27  Probe  
  88  8:37  Pylon  
  88  8:41  Sentry x2  
  90  8:42  Zealot  
  90  8:45  Pylon  
  90  8:47  Pylon  
  94  8:54  Pylon  
  92  8:55  Pylon  
  81  9:09  Stalker x2, Sentry  
  79  9:10  Stalker  
Show
View Real Time Build Order
Export as new Build Order

AcerNerchio Zerg - Winner!

Build Orders: Hatch First 

Get SALT Encoding   

  12  0:01  Drone  
  13  0:12  Overlord  
  13  0:18  Drone  
  14  0:30  Drone  
  14  0:31  Drone  
  14  0:34  Drone  
  17  0:54  Hatchery  
  17  0:55  Drone  
  17  0:59  Drone  
  18  1:07  Extractor  
  17  1:15  Spawning Pool  
  17  1:18  Drone  
  17  1:22  Drone  
  18  1:28  Drone  
  19  1:41  Overlord  
  19  2:02  Zergling x4, Queen  
  19  2:06  Queen  
  25  2:09  Metabolic Boost  
  25  2:12  Drone  
  25  2:15  Drone  
  27  2:17  Drone  
  28  2:26  Drone  
  28  2:27  Drone  
  30  2:32  Drone  
  31  2:45  Hatchery  
  31  2:49  Drone  
  31  2:50  Drone  
  32  2:54  Overlord  
  32  3:05  Zergling x6  
  34  3:11  Zergling x4  
  36  3:13  Zergling x4  
  36  3:14  Zergling x4  
  36  3:15  Zergling x2  
  36  3:18  Zergling x2  
  42  3:24  Zergling x2  
  42  3:28  Overlord, Queen  
  44  3:34  Overlord  
  43  3:49  Drone x3  
  43  3:50  Drone x2  
  48  3:56  Zergling x4  
  48  3:57  Zergling x2  
  48  4:00  Zergling x4  
  52  4:09  Extractor  
  50  4:12  Zergling x4  
  50  4:15  Zergling x2  
  53  4:18  Zergling x2  
  53  4:22  Extractor x2  
  53  4:23  Zergling x6  
  54  4:31  Hatchery, Drone  
  54  4:32  Drone x2  
  54  4:34  Drone x2  
  54  4:46  Drone  
  54  4:47  Drone  
  51  4:54  Lair  
  51  4:56  Roach Warren  
  51  4:57  Queen  
  52  5:03  Spine Crawler  
  52  5:06  Drone x4  
  55  5:17  Drone x3  
  55  5:18  Evolution Chamber  
  57  5:24  Drone x3  
  57  5:26  Overlord  
  60  5:36  Overlord x3  
  60  5:42  Queen  
  60  5:49  Roach x4  
  70  5:54  Roach x2  
  73  5:59  Roach x3  
  73  6:03  Roach  
  73  6:04  Roach  
  79  6:06  Roach  
  79  6:09  Roach  
  79  6:11  Roach  
  84  6:12  Roach  
  84  6:15  Roach  
  88  6:20  Roach  
  88  6:21  Overlord  
  88  6:23  Overseer  
  89  6:27  Glial Reconstitution  
  88  6:34  Spire  
  88  6:35  Drone  
  88  6:36  Drone x3  
  88  6:39  Drone  
  90  6:40  Drone  
  90  6:41  Drone  
  90  6:42  Overseer  
  90  6:45  Drone  
  90  6:46  Drone  
  93  6:48  Drone x2  
  93  6:50  Drone  
  96  6:58  Drone x3  
  96  6:59  Overlord  
  96  7:00  Overlord  
  98  7:02  Extractor  
  98  7:03  Extractor  
  96  7:09  Overlord x2  
  96  7:19  Drone x4  
  100  7:25  Drone x3  
  100  7:26  Drone x2  
  104  7:33  Roach x4  
  112  7:43  Hatchery  
  111  7:47  Mutalisk x4  
  111  7:48  Mutalisk x2  
  120  7:56  Mutalisk x3  
  123  8:00  Overseer  
  123  8:01  Mutalisk x2  
  123  8:03  Mutalisk  
  123  8:08  Zergling x2  
  123  8:09  Zergling x6  
  123  8:10  Overlord  
  123  8:12  Overlord  
  127  8:15  Overlord  
  127  8:22  Overlord  
  127  8:28  Hydralisk Den  
  127  8:31  Roach x6  
  138  8:40  Overlord x2  
  138  8:43  Roach x2  
  138  8:45  Roach  
  144  8:50  Roach  
  144  8:51  Roach x2  
  150  8:55  Ravager  
  150  8:56  Ravager x3  
Tags
 
Add a new tag
Caveats
  • Supply blocks, unpowered buildings, or Contaminate may cause inaccurate times.
  • Supply counts are checked every 10 seconds.